 Dungeon Crawl Stone Soup version 0.26-a0-664-gc8b27b8fc1 (webtiles) character file.

Game seed: 6385623174377030585

2884 PentaManta the Slinger (level 9, -4/45 HPs)
             Began as a Spriggan Hunter on Oct 13, 2020.
             Was a Believer of Okawaru.
             Slain by a hornet (6 damage)
             ... while paralysed by a hornet
             ... on level 8 of the Dungeon.
             The game lasted 00:20:23 (8880 turns).

PentaManta the Slinger (Spriggan Hunter)            Turns: 8880, Time: 00:20:23

Health: -4/45      AC:  5    Str:  8    XL:     9   Next: 48%
Magic:  10/10      EV:  4    Int: 12    God:    Okawaru [**....]
Gold:   465        SH:  0    Dex: 20    Spells: 8/8 levels left

rFire    . . .     SeeInvis +   a - +2 hunting sling
rCold    . . .     Faith    .   (shield restricted)
rNeg     + + .     Spirit   .   w - +0 robe {rN+}
rPois    .         Reflect  .   (helmet restricted)
rElec    .         Harm     .   t - +2 cloak
rCorr    .         Rampage  .   (gloves unavailable)
MR       +....     Rnd*Tele +   (boots unavailable)
Stlth    +++.......             (no amulet)
HPRegen  0.15/turn              h - ring of teleportation (curse)
MPRegen  0.12/turn              o - ring of positive energy

@: paralysed, lethally poisoned (-4 -> -8), slowed, very quick
A: very small, unfitting armour, see invisible, speed 3
a: Heroism, Renounce Religion


You were on level 8 of the Dungeon.
You worshipped Okawaru.
Okawaru was pleased with you.
You visited 2 branches of the dungeon, and saw 9 of its levels.

You collected 465 gold pieces.

Inventory:

Hand Weapons
 a - a +2 hunting sling (weapon)
 b - a +0 short sword
 s - a +0 rapier
 u - a +0 dagger
 v - a +2 whip of electrocution
 A - a +0 whip of freezing
Missiles
 d - 55 sling bullets (quivered)
 g - 131 stones
 n - 7 curare-tipped darts
Armour
 t - a +2 cloak (worn)
 w - a +0 robe of positive energy (worn)
Jewellery
 c - an uncursed ring of positive energy
 h - a cursed ring of teleportation (left hand)
 o - a ring of positive energy (right hand)
 B - an uncursed amulet of reflection
 E - an uncursed ring of positive energy
Wands
 f - a wand of iceblast (4)
 q - a wand of flame (40)
 y - a wand of random effects (32)
 H - a wand of disintegration (22)
Scrolls
 i - 2 scrolls of magic mapping
 m - 2 scrolls of fear
 p - 4 scrolls of teleportation
 x - a scroll of holy word {unknown}
 F - a scroll of immolation {unknown}
 G - a scroll of fog {unknown}
Potions
 e - a potion of resistance
 j - 2 potions of flight
 k - 3 potions of ambrosia
 l - 3 potions of heal wounds
 r - a potion of degeneration {unknown}
 z - a potion of mutation
 C - a potion of berserk rage {unknown}
 D - a potion of cancellation {unknown}


   Skills:
 * Level 4.0 Fighting
 - Level 13.9 Slings
 + Level 5.3 Dodging
 + Level 5.0 Stealth


You had 8 spell levels left.
You didn't know any spells.
Your spell library was empty.

Dungeon Overview and Level Annotations

Branches:
Dungeon (8/15)             Temple (1/1) D:4
   Lair: D:8-11

Altars:
Ashenzari
Cheibriados
Dithmenos
Elyvilon
Fedhas
Hepliaklqana
Kikubaaqudgha
Makhleb
Nemelex Xobeh
Okawaru
Qazlal
Ru
Sif Muna
Trog
Vehumet
Wu Jian
Xom
Yredelemnul
The Shining One


Innate Abilities, Weirdness & Mutations

You are very small and have problems with some larger weapons.
You are too small for most types of armour.
You have supernaturally acute eyesight. (SInv)
You cover ground extremely quickly.


Message History

You shoot a stone. The stone closely misses the hornet.
You feel sick.
The hornet stings you but does no damage.
You feel sick.
Quiver which item? (- for none, * to show all) (? for menu, Esc to quit)
Quivering
d - 56 sling bullets for slings.
Firing (i - inventory. (/) - cycle)
d - 56 sling bullets (quivered)
Press: ? - help, Shift-Dir - straight line, f/p - hornet
Aim: a hornet (moderately wounded)
You shoot a sling bullet.
The sling bullet hits the hornet but does no damage.
The hornet is moderately wounded.
The hornet stings you.
You suddenly lose the ability to move!
The hornet stings you!
* * * LOW HITPOINT WARNING * * *
You feel as though you will be slow longer.
You feel sick. The hornet stings you!
* * * LOW HITPOINT WARNING * * *
You shrug off the repeated paralysis!
The hornet stings you.
You die...

#..#.#######
####.#.#.....#
#.#........###.#
#........###
#.#####.#
###.##.###
#.......# #. #.#
#.####### # #.#
#.# #.# #.#####
#.# #..@y.# ...
#.###(# ### #.#
(# #.# .# #.# (#
#.# [# #.# .# #.
.#


You could see a hornet.

Vanquished Creatures
  Pikel (D:4)
  Menkaure (D:5)
  A water moccasin (D:8)
  2 black bears
  Duvessa (D:4)
  3 phantoms
  An ice beast (D:7)
  3 ogres
  A centaur (D:7)
  2 bullfrogs
  Dowan (D:4)
  A water moccasin zombie (D:6)
  A water moccasin skeleton (D:6)
  A howler monkey (D:4)
  A centaur zombie (D:5)
  3 hounds
  2 jellies (D:6)
  A bullfrog skeleton (D:7)
  A gnoll shaman (D:5)
  Crazy Yiuf (D:3)
  Terence (D:3)
  Ijyb (D:4)
  2 iguanas
  5 worker ants
  A worker ant zombie (D:7)
  21 gnolls
  5 adders
  2 shadow imps
  2 white imps
  3 ufetubi
  An ooze (D:2)
  6 worms
  3 dart slugs
  2 leopard geckos
  7 orcs
  2 ball pythons
  14 bats
  9 giant cockroaches
  6 goblins
  6 hobgoblins
  7 jackals
  A quokka (D:7)
  3 frilled lizards
  A giant cockroach zombie (D:6)
  5 kobolds
  A quokka skeleton (D:4)
  A quokka zombie (D:5)
  9 rats
156 creatures vanquished.

Vanquished Creatures (others)
  A hound (D:7)
1 creature vanquished.

Grand Total: 157 creatures vanquished

Notes
Turn   | Place    | Note
-------+----------+-------------------------------------------
     0 | D:1      | PentaManta the Spriggan Hunter began the quest for the Orb.
     0 | D:1      | Reached XP level 1. HP: 10/10 MP: 2/2
    26 | D:1      | Reached skill level 5 in Slings
    76 | D:1      | Reached XP level 2. HP: 14/14 MP: 3/3
   772 | D:2      | Reached skill level 6 in Slings
   779 | D:2      | Reached XP level 3. HP: 18/18 MP: 4/4
  1043 | D:2      | Reached XP level 4. HP: 22/22 MP: 5/5
  1071 | D:2      | Reached skill level 7 in Slings
  1297 | D:2      | Found a broken altar of Ashenzari.
  1755 | D:3      | Noticed an ogre
  1790 | D:3      | Killed an ogre
  1790 | D:3      | Reached skill level 8 in Slings
  1790 | D:3      | Reached XP level 5. HP: 25/25 MP: 6/6
  1864 | D:3      | Noticed Terence
  1906 | D:3      | Killed Terence
  2003 | D:3      | Found a runed translucent door.
  2004 | D:3      | Noticed Crazy Yiuf
  2621 | D:3      | Killed Crazy Yiuf
  2621 | D:3      | Reached XP level 6. HP: 30/30 MP: 7/7
  2723 | D:4      | Found a stormy altar of Qazlal.
  2796 | D:4      | Reached skill level 9 in Slings
  3456 | D:5      | Entered Level 5 of the Dungeon
  3745 | D:4      | Noticed Duvessa
  3779 | D:4      | Noticed Dowan
  3809 | D:3      | Reached skill level 10 in Slings
  4071 | D:4      | Reached XP level 7. HP: 33/33 MP: 8/8
  4146 | D:4      | Found a basalt altar of Yredelemnul.
  4223 | D:4      | Found a staircase to the Ecumenical Temple.
  4234 | D:4      | Noticed Ijyb
  4240 | D:4      | Killed Ijyb
  4544 | D:4      | Killed Duvessa
  4550 | D:4      | Killed Dowan
  4680 | D:4      | Noticed Pikel
  4810 | D:4      | Killed Pikel
  4810 | D:4      | Reached skill level 12 in Slings
  4810 | D:4      | Reached XP level 8. HP: 37/37 MP: 9/9
  4970 | Temple   | Entered the Ecumenical Temple
  4991 | Temple   | Became a worshipper of Warmaster Okawaru
  5172 | D:4      | Found a sacrificial altar of Ru.
  6014 | D:6      | Reached skill level 13 in Slings
  6394 | D:5      | Noticed Menkaure
  6402 | D:5      | Killed Menkaure
  6402 | D:5      | Reached * piety under Okawaru
  6548 | D:5      | Found a burning altar of Makhleb.
  6548 | D:5      | Noticed a cacodemon
  6551 | D:5      | Noticed a hellwing
  6551 | D:5      | Noticed a hellwing
  7196 | D:6      | Reached XP level 9. HP: 42/42 MP: 10/10
  7381 | D:6      | Found a shimmering altar of Xom.
  8522 | D:7      | Reached ** piety under Okawaru
  8759 | D:8      | Reached skill level 5 in Dodging
  8826 | D:8      | Reached skill level 5 in Stealth
  8878 | D:8      | Paralysed by a hornet for 2 turns
  8879 | D:8      | HP: 2/45 [hornet (7)]
  8880 | D:8      | Slain by a hornet

Illustrated notes

Levels and vault maps discovered:
D:1:      shiori_shiawase, layout_basic, serial_bayou_pond_d,
          minmay_tiny_reverse_x
D:2:      layout_basic, evilmike_ruin_ashenzari
D:3:      minmay_spotlight, layout_rooms, uniq_terence, uniq_crazy_yiuf_cottage
D:4:      layout_loops_ring, lemuel_round_altar,
          nicolae_ru_the_path_less_chosen, minmay_temple_entry_mini_moons,
          minmay_fountain_box, nicolae_qazlal_eye_of_the_storm, uniq_pikel,
          uniq_ijyb, uniq_duvessa
D:5:      layout_rooms, makhleb_altar_promises_db, uniq_menkaure
D:6:      layout_basic, kennysheep_little_box
D:7:      layout_cave_pools, kennysheep_generic_room_13
D:8:      layout_loops_ring, uniq_erica, uniq_prince_ribbit1
Temple:   eino_temple_scatter_basement

Skill      XL: |  1  2  3  4  5  6  7  8  9 |
---------------+----------------------------+-----
Slings         | 5 6 8 10 12 13 | 13.9
Stealth        | 2 5 |  5.0
Fighting       | 4 |  4.0
Dodging        | 5 |  5.3

Action                   |  1- 3 |  4- 6 |  7- 9 || total
-------------------------+-------+-------+-------++-------
 Fire: Hunting sling     |   113 |   312 |   608 ||  1033
Throw: Dart              |       |       |     5 ||     5
  Use: Scroll            |     1 |     7 |     3 ||    11
Armor: Robe              |     2 |     9 |    11 ||    22
Dodge: Dodged            |     8 |    84 |   145 ||   237
Block: Other             |       |       |     2 ||     2

Table legend: (Time is in decaauts)
 A = Elapsed time spent in this place.
 B = Non-inter-level travel time spent in this place.
 C = Inter-level travel time spent in this place.
 D = Time resting spent in this place.
 E = Time spent auto-exploring this place.
 F = Levels seen in this place.
 G = Mean time per level.
                   A        B        C        D        E       F      G
               +--------+--------+--------+--------+--------+-----+--------+
         Total |   6625 |   6450 |    175 |    795 |   4103 |   9 |  736.1 |
       Dungeon |   6518 |   6350 |    168 |    795 |   4011 |   8 |  814.8 |
        Temple |    106 |     99 |      7 |      0 |     91 |   1 |  106.0 |
               +--------+--------+--------+--------+--------+-----+--------+

Top non-repeatable levels by time:
     D:4: 1421 daAuts
     D:3: 1241 daAuts
     D:6: 1112 daAuts
     D:7: 716 daAuts
     D:5: 676 daAuts
     D:2: 662 daAuts
     D:1: 505 daAuts
     D:8: 182 daAuts
  Temple: 106 daAuts
